 Dungeon Crawl Stone Soup version 0.31-a0-188-g5e087ee2ca (webtiles) character file.

Game seed: 7468017315338888944

638 qw the Skirmisher (level 7, 0/38 (40) HPs)
             Began as a Deep Elf Hunter on June 23, 2023.
             Was an Initiate of Okawaru.
             Slain by a wight
             ... wielding a +0 dagger
              (4 damage)
             ... on level 5 of the Dungeon.
             The game lasted 00:01:24 (3051 turns).

qw the Skirmisher (Deep Elf Hunter)                 Turns: 3051, Time: 00:01:25

HP:   0/38 (40)     AC:  7    Str: 10    XL:     7   Next: 25%
MP:   9/9           EV: 11    Int: 14    God:    Okawaru [......]
Gold: 67            SH:  0    Dex: 18    Spells: 6/6 levels left

rFire   . . .        Y - +1 shortbow
rCold   . . .        (shield currently unavailable)
rNeg    . . .        b - +0 ring mail
rPois   .            c - +0 helmet
rElec   .            m - +0 cloak
rCorr   .            (no gloves)
SInv    +            (no boots)
Will    .....        (no amulet)
Stlth   +            e - ring of see invisible
HPRegen 0.26/turn    (no ring)
MPRegen 0.11/turn

%: no passive effects
@: about to teleport, drained
A: no striking features
a: Renounce Religion


You were on level 5 of the Dungeon.
You worshipped Okawaru.
Okawaru was noncommittal.
You visited 2 branches of the dungeon, and saw 6 of its levels.

You collected 259 gold pieces.
You spent 192 gold pieces at shops.


   Skills:
 - Level 2.2 Fighting
 + Level 10.5 Ranged Weapons
 - Level 1.9 Armour
 - Level 3.2 Dodging
 - Level 1.2 Stealth


You had 6 spell levels left.
You didn't know any spells.
Your spell library was empty.

Inventory:

Hand Weapons
 Y - a +1 shortbow (weapon)
Armour
 b - a +0 ring mail (worn)
 c - a +0 helmet (worn)
 m - a +0 cloak (worn)
Jewellery
 e - a ring of see invisible (left hand)
 j - a ring of ice
 k - a ring of protection from fire
Scrolls
 h - a scroll of teleportation
 o - a scroll of identify
Potions
 a - 5 potions of curing
 d - 2 potions of enlightenment
 f - a potion of lignification {unknown}
 g - a potion of heal wounds
 i - a potion of brilliance {unknown}
 l - a potion of berserk rage {unknown}

Dungeon Overview and Level Annotations

Branches:
Dungeon (5/15)             Temple (1/1) D:5

Altars:
Ashenzari
Cheibriados
Kikubaaqudgha
Makhleb
Nemelex Xobeh
Okawaru
Qazlal
Ru
Trog
Uskayaw
Xom
Yredelemnul
The Shining One

Shops:
D:4 *


Message History

The arrow hits the wight.
The wight is heavily damaged.
You shoot an arrow.
The arrow hits the wight but does no damage.
The wight is severely damaged.
The wight hits you with a +3 flail. The wight barely misses you.
You shoot an arrow. The arrow hits the wight.
You destroy the wight!
Okawaru accepts your kill. The wight barely misses you.
You shoot an arrow. The arrow closely misses the wight. x2
The wight hits you with a +0 battleaxe.
You feel drained. The wight hits you with a +3 flail.
You feel drained.
You shoot an arrow.
The arrow hits the wight but does no damage.
The wight is heavily damaged.
The wight closely misses you. The wight barely misses you.
The wight hits you with a +3 flail.
You feel drained.
You shoot an arrow. The arrow hits the wight.
The wight is severely damaged.
The wight barely misses you. x2; The wight misses you.
You shoot an arrow. The arrow hits the wight!
You destroy the wight!
Okawaru accepts your kill. The wight hits you but does no damage.
The wight closely misses you.
You shoot an arrow. The arrow hits the wight.
The wight is moderately damaged.
The wight barely misses you. The wight misses you.
You shoot an arrow. The arrow hits the wight!
The wight is severely damaged.
The wight hits you with a +0 dagger.
You feel drained. The wight hits you with a +3 flail!
You shoot an arrow. The arrow hits the wight.
The wight is almost destroyed.
The wight hits you but does no damage. The wight hits you with a +3 flail.
3051 ||| READING 2 scrolls of teleportation.
As you read the scroll of teleportation, it crumbles to dust.
You feel strangely unstable. The wight hits you with a +0 dagger.
You die...

#.. +.. #... #...
#.... ##### ....
##....##...#.......#
......zz...#.......#
......)@...#.......#
##....##...##..[...#
#... ##'###......#...#
#.< #...........#...#
#. .##>..........#...#
..
...............#...# #
........##.....##...#
.........##.....##...#
.....................#


You could see 2 wights.

Vanquished Creatures
  A black bear (D:5)
  2 wights (D:5)
  A hound (D:4)
  Jessica (D:2)
  2 iguanas (D:4)
  Natasha (thrice) (D:4)
  3 orc wizards
  Robin (D:4)
  6 adders
  4 gnolls (D:3)
  2 dart slugs
  5 orcs
  6 bats
  6 endoplasms
  3 giant cockroaches
  12 goblins
  9 hobgoblins
  5 jackals
  4 kobolds
  A quokka (D:1)
  3 ball pythons
  3 frilled lizards
  5 rats
88 creatures vanquished.

Vanquished Creatures (others)
  A goblin (D:4)
1 creature vanquished.

Grand Total: 89 creatures vanquished

Notes
Turn   | Place    | Note
-------+----------+-------------------------------------------
     0 | D:1      | qw the Deep Elf Hunter began the quest for the Orb.
     0 | D:1      | Reached XP level 1. HP: 12/12 MP: 3/3
     0 | D:1      | 0 ||| qw: Version: 0.3-a-9-g12657ce
     0 | D:1      | 0 ||| qw: Game counter: 4295
     0 | D:1      | 0 ||| qw: Always use a shield: true
     0 | D:1      | 0 ||| qw: God list: Okawaru
     0 | D:1      | 0 ||| qw: Allow faded altars: false
     0 | D:1      | 0 ||| qw: Do Orc after D:15 true
     0 | D:1      | 0 ||| qw: Do second Lair branch before Depths: true
     0 | D:1      | 0 ||| qw: Lair rune preference: random
     0 | D:1      | 0 ||| qw: Plans: Normal
     0 | D:1      | 0 ||| PLANNING D:1-11
   135 | D:1      | Reached XP level 2. HP: 16/16 MP: 4/4
   145 | D:1      | Reached skill level 6 in Ranged Weapons
   274 | D:1      | 274 ||| UPGRADING to ring of see invisible.
   276 | D:1      | 276 ||| DROPPING scroll of butterflies.
   433 | D:2      | Noticed Jessica
   439 | D:2      | Killed Jessica
   440 | D:2      | Reached skill level 7 in Ranged Weapons
   440 | D:2      | Reached XP level 3. HP: 20/20 MP: 5/5
   542 | D:2      | Found a faded altar of an unknown god.
   780 | D:2      | Reached XP level 4. HP: 21/25 MP: 6/6
   809 | D:2      | 809 ||| Stepping ~*~*~tactically~*~*~ (outnumbered).
   811 | D:2      | 811 ||| Stepping ~*~*~tactically~*~*~ (outnumbered).
  1120 | D:2      | 1120 ||| UPGRADING to +0 ring mail.
  1130 | D:2      | 1130 ||| DROPPING +0 leather armour.
  1131 | D:2      | 1131 ||| UPGRADING to +0 cloak.
  1136 | D:2      | 1136 ||| READING scroll labelled BENEGAOTR QYET.
  1137 | D:2      | 1137 ||| READING scroll labelled FIGEDGHUAXY.
  1260 | D:2      | 1260 ||| READING scroll labelled TUSUFU JAGOF.
  1261 | D:2      | 1261 ||| READING scroll labelled GEOHAE CUUZY.
  1262 | D:2      | 1262 ||| READING scroll labelled OMEAQUMELU.
  1266 | D:2      | 1266 ||| DRINKING 2 fizzy pink potions.
  1289 | D:3      | 1289 ||| STAIRDANCE
  1295 | D:2      | Reached skill level 8 in Ranged Weapons
  1504 | D:3      | 1504 ||| FLEEEEING.
  1505 | D:3      | 1505 ||| FLEEEEING.
  1511 | D:3      | 1511 ||| STAIRDANCE
  1569 | D:3      | Reached XP level 5. HP: 29/29 MP: 7/7
  1610 | D:3      | 1610 ||| Stepping ~*~*~tactically~*~*~ (outnumbered).
  1630 | D:3      | Reached skill level 9 in Ranged Weapons
  1779 | D:3      | 1779 ||| DRINKING 3 glowing golden potions.
  1915 | D:4      | Noticed Natasha
  1924 | D:4      | Killed Natasha
  1993 | D:4      | Noticed Natasha
  1997 | D:4      | Killed Natasha
  1998 | D:4      | Reached XP level 6. HP: 35/35 MP: 8/8
  2089 | D:4      | Noticed Natasha
  2099 | D:4      | Killed Natasha
  2378 | D:4      | Noticed Robin
  2390 | D:4      | Killed Robin
  2506 | D:4      | Reached skill level 10 in Ranged Weapons
  2528 | D:4      | Found Ipi Gaat's Assorted Antiques.
  2533 | D:4      | 2533 ||| BUYING blue potion (19 gold).
  2533 | D:4      | Bought a blue potion for 19 gold pieces
  2533 | D:4      | 2533 ||| BUYING bone wand (88 gold).
  2533 | D:4      | Bought a bone wand for 88 gold pieces
  2533 | D:4      | 2533 ||| BUYING coppery potion (19 gold).
  2533 | D:4      | Bought a coppery potion for 19 gold pieces
  2533 | D:4      | 2533 ||| BUYING scroll labelled WIOH HARCHAG (22 gold).
  2533 | D:4      | Bought a scroll labelled WIOH HARCHAG for 22 gold pieces
  2533 | D:4      | 2533 ||| BUYING scroll of identify (44 gold).
  2533 | D:4      | Bought a scroll of identify for 44 gold pieces
  2775 | D:4      | 2775 ||| UPGRADING to +0 helmet.
  2780 | D:4      | 2780 ||| READING scroll labelled WIOH HARCHAG.
  2781 | D:4      | 2781 ||| DRINKING 2 brown potions.
  2782 | D:4      | 2782 ||| DRINKING 2 fizzy yellow potions.
  2783 | D:4      | 2783 ||| DROPPING potion of attraction.
  2784 | D:4      | 2784 ||| DROPPING wand of mindburst (6).
  2820 | D:5      | Entered Level 5 of the Dungeon
  2844 | D:5      | Reached skill level 1 in Armour
  2860 | D:5      | 2860 ||| Stepping ~*~*~tactically~*~*~ (outnumbered).
  2862 | D:5      | 2862 ||| Stepping ~*~*~tactically~*~*~ (outnumbered).
  2874 | D:5      | Reached skill level 3 in Dodging
  2874 | D:5      | Reached XP level 7. HP: 33/40 MP: 9/9
  2903 | D:5      | Found a staircase to the Ecumenical Temple.
  2904 | D:5      | 2904 ||| PLANNING TEMPLE
  2910 | Temple   | Entered the Ecumenical Temple
  2910 | Temple   | Found a transporter.
  2910 | Temple   | Found a transporter.
  2912 | Temple   | Found a transporter.
  2912 | Temple   | Found a transporter.
  2922 | Temple   | 2922 ||| PLANNING D:1-11
  2937 | Temple   | 2937 ||| PLANNING OKAWARU WORSHIP
  2944 | Temple   | Became a worshipper of Warmaster Okawaru
  2945 | Temple   | 2945 ||| PLANNING D:1-11
  3050 | D:5      | HP: 4/38 [wight/+3 flail (6)]
  3051 | D:5      | 3051 ||| READING 2 scrolls of teleportation.
  3051 | D:5      | Slain by a wight

Levels and vault maps discovered:
D:1:      ncdulo_wetmaze, layout_rooms, serial_bayou_lagoon_a
D:2:      layout_rooms, ebering_ecumenical_altar_rust, minmay_mini_jars,
          uniq_jessica
D:3:      layout_rooms, serial_glass, glass_columns_a, glass_columns_b,
          minmay_misc_feat_chi, wad_floor_pattern_untrapped
D:4:      layout_loops_corners, serial_shops, nicolae_shop_dealshenge,
          uniq_natasha, uniq_robin
D:5:      layout_gridville, minmay_temple_entry_wispy
Temple:   hellmonk_temple_divided_pantheon

Skill      XL: |  1  2  3  4  5  6 |
---------------+-------------------+-----
Ranged Weapons | 7 8 9 10 | 10.5
Fighting       | 2 |  2.2
Armour         | 1 |  1.9
Dodging        | 3 |  3.2
Stealth        | |  1.2

Action                     |  1- 3 |  4- 6 |  7- 9 || total
---------------------------+-------+-------+-------++-------
   Fire: Shortbow          |    82 |   198 |    16 ||   296
    Use: Scroll            |       |     6 |     1 ||     7
         Potion            |       |     4 |       ||     4
 Armour: Leather armour    |    13 |     6 |       ||    19
         Ring mail         |       |    34 |     2 ||    36
  Dodge: Dodged            |    46 |    59 |    14 ||   119

Table legend:
 A = Non-vault XP
 B = Vault XP
 C = Vault XP percentage of total XP
 D = Non-vault monster count
 E = Vault monster count
 F = Vault count percentage of total count
                 A         B        C        D         E       F
            +---------+---------+-------+---------+---------+-------
      Total |     766 |     146 |  16.0 |      66 |      22 |  25.0
            +---------+---------+-------+---------+---------+-------
        D:1 |      27 |       0 |   0.0 |      16 |       0 |   0.0
        D:2 |      51 |      79 |  60.8 |      16 |      11 |  40.7
        D:3 |     132 |       0 |   0.0 |      19 |       0 |   0.0
        D:4 |     186 |      67 |  26.5 |       6 |      11 |  64.7
        D:5 |     370 |       0 |   0.0 |       9 |       0 |   0.0
            +---------+---------+-------+---------+---------+-------
